 Dungeon Crawl Stone Soup version 0.23-b1-58-ge3fafae (webtiles) character file.

Game seed: 6225345218909244833

1828 RatmanManrat the Basher (level 8, -4/66 HPs)
             Began as a Minotaur Fighter on Feb 4, 2019.
             Was an Initiate of Okawaru.
             Slain by a hornet (8 damage)
             ... on level 6 of the Dungeon.
             The game lasted 00:36:15 (5994 turns).

RatmanManrat the Basher (Minotaur Fighter)          Turns: 5994, Time: 00:36:16

Health: -4/66      AC: 10    Str: 20    XL:     8   Next: 86%
Magic:  0/7        EV: 11    Int:  5    God:    Okawaru [......]
Gold:   310        SH:  0    Dex: 13    Spells: 7/7 levels left

rFire    . . .     SeeInvis .   r - +2 whip (flame)
rCold    + . .     Gourm    .   (no shield)
rNeg     . . .     Faith    .   g - +1 scale mail {rC+}
rPois    .         Spirit   +   (helmet restricted)
rElec    .         Reflect  .   u - scarf {Spirit}
rCorr    .         Harm     .   i - +0 pair of gloves
MR       .....                  (no boots)
Stlth    ..........             (no amulet)
HPRegen  0.21/turn              (no ring)
MPRegen  0.10/turn              (no ring)

@: slowed, very slow
A: retaliatory headbutt, horns 2
a: Renounce Religion


You were on level 6 of the Dungeon.
You worshipped Okawaru.
Okawaru was noncommittal.
You were near starving.

You visited 1 branch of the dungeon, and saw 7 of its levels.
You also visited: Sewer.

You collected 310 gold pieces.

Inventory:

Hand Weapons
 a - a +0 flail
 r - a +2 whip of flaming (weapon)
Armour
 b - a +0 scale mail
 c - a +0 shield
 g - a +1 scale mail of cold resistance (worn)
 i - a +0 pair of gloves (worn)
 m - a +0 ring mail
 u - a scarf of spirit shield (worn)
Jewellery
 p - a cursed ring of teleportation
Wands
 n - a wand of paralysis (11)
 s - a wand of acid (1)
 t - a wand of flame (31)
Scrolls
 j - a scroll of teleportation
 k - 3 scrolls of identify
 l - a scroll of remove curse
 o - a scroll of random uselessness {unknown}
Potions
 d - a potion of might
 h - a potion of lignification
 q - a potion of agility
 w - 2 potions of magic
Comestibles
 f - 15 rations


   Skills:
 + Level 4.3 Fighting
 + Level 10.6 Maces & Flails
 + Level 7.8 Armour
 * Level 2.9 Dodging
 + Level 0.6 Stealth
 - Level 5.0 Shields


You had 7 spell levels left.
You didn't know any spells.
Your spell library was empty.

Dungeon Overview and Level Annotations

Branches:
Dungeon (7/15)             Temple (0/1) D:4

Altars:
Cheibriados
Fedhas
Okawaru
Qazlal
Vehumet


Innate Abilities, Weirdness & Mutations

You reflexively headbutt those who attack you in melee.
You have a pair of horns on your head.


Message History

You feel yourself speed up.
The orc warrior barely misses the freed slave.
The freed slave hits the orc warrior but does no damage.
The freed slave's attack snaps the orc warrior out of its fear.
There is a stone staircase leading down here.
The orc warrior hits you with a +0 hand axe!
* * * LOW HITPOINT WARNING * * *
You barely miss the orc warrior. You headbutt the orc warrior.
The orc warrior is almost dead.
The freed slave hits the orc warrior!
The orc warrior dies!
The freed slave looks more experienced.
Things that are here:
a +0 hand axe; a +0 chain mail The hornet stings you!
* * * LOW HITPOINT WARNING * * *
You feel yourself slow down.
You closely miss the hornet. Your headbutt misses the hornet.
The hornet stings you!
You die...

#####.####...# #.#
#...# #.# #...#
#########.####....
#>................
#.#######.####..##
#)................
#.#######.####..##
#@# #....###..##
#y# #....'......
#.# #....#######
#.# #....#
####'###
#....#######
#......#
#...........
#......#
#...........
#......#
#...........
#......#
#...........


You could see a hornet.

Vanquished Creatures
  Pikel (D:6)
  Menkaure (D:6)
  A water moccasin (D:5)
  A slave (D:6)
  A phantom (D:6)
  An ogre (D:5)
  A centaur (D:6)
  3 bullfrogs
  A gnoll sergeant (D:6)
  A howler monkey (D:4)
  A crimson imp (D:5)
  A jelly (D:4)
  A hound (D:4)
  An orc priest (D:5)
  Ijyb (D:5)
  2 orc wizards
  A worker ant (D:4)
  A hound skeleton (D:5)
  A worker ant zombie (D:6)
  11 adders
  16 gnolls
  A shadow imp (D:6)
  An ooze (D:2)
  An adder zombie (D:7)
  3 worms
  5 dart slugs
  2 leopard geckos
  7 orcs
  12 giant cockroaches
  6 goblins
  8 hobgoblins
  10 jackals
  9 kobolds
  A quokka (D:6)
  5 ball pythons
  5 bats
  4 frilled lizards
  A quokka skeleton (D:4)
  10 rats
  9 plants (Sewer)
149 creatures vanquished.

Vanquished Creatures (others)
  An orc warrior (D:6)
  A slave (D:6)
  A quasit (D:6)
  An orc wizard (D:6)
  An orc (D:6)
  A quokka (D:6)
6 creatures vanquished.

Grand Total: 155 creatures vanquished

Notes
Turn   | Place    | Note
-------+----------+-------------------------------------------
     0 | D:1      | RatmanManrat the Minotaur Fighter began the quest for the
                  | Orb.
     0 | D:1      | Reached XP level 1. HP: 19/19 MP: 0/0
   196 | D:1      | Reached skill level 3 in Maces & Flails
   196 | D:1      | Reached XP level 2. HP: 17/26 MP: 1/1
   393 | D:1      | Reached XP level 3. HP: 13/31 MP: 2/2
   946 | D:2      | Reached skill level 4 in Maces & Flails
   951 | D:2      | Reached XP level 4. HP: 27/39 MP: 3/3
  1094 | D:2      | Reached skill level 5 in Maces & Flails
  1311 | D:2      | Reached XP level 5. HP: 45/45 MP: 4/4
  1654 | D:3      | You fall through a shaft for 3 floors!
  1857 | D:6      | Noticed a centaur
  1867 | D:6      | Killed a centaur
  1867 | D:6      | Reached skill level 6 in Maces & Flails
  1867 | D:6      | Reached skill level 5 in Armour
  2016 | D:6      | Reached XP level 6. HP: 43/51 MP: 5/5
  2026 | D:6      | Noticed Pikel
  2026 | D:6      | Noticed a slave
  2026 | D:6      | Noticed a slave
  2026 | D:6      | Noticed a slave
  2026 | D:6      | Noticed a slave
  2047 | D:6      | Killed a slave
  2060 | D:6      | Killed Pikel
  2060 | D:6      | Reached skill level 8 in Maces & Flails
  2060 | D:6      | Reached XP level 7. HP: 34/57 MP: 6/6
  2259 | D:6      | Reached skill level 9 in Maces & Flails
  2320 | D:6      | Found a blossoming altar of Fedhas.
  2320 | D:6      | Found an iron altar of Okawaru.
  2321 | D:6      | Found a snail-covered altar of Cheibriados.
  2331 | D:6      | Became a worshipper of Warmaster Okawaru
  2709 | D:6      | Reached skill level 5 in Shields
  2709 | D:6      | Reached XP level 8. HP: 57/64 MP: 7/7
  2729 | D:5      | Entered Level 5 of the Dungeon
  2940 | D:5      | Found a stormy altar of Qazlal.
  3066 | D:5      | Reached skill level 1 in Dodging
  3456 | D:5      | Noticed Ijyb
  3470 | D:5      | Killed Ijyb
  3470 | D:5      | Reached skill level 10 in Maces & Flails
  4153 | D:4      | Found a glowing drain.
  4170 | Sewer    | Entered a sewer
  4964 | D:4      | Found a staircase to the Ecumenical Temple.
  5107 | D:4      | Found a radiant altar of Vehumet.
  5958 | D:7      | Noticed Menkaure
  5966 | D:7      | Noticed a hornet
  5975 | D:6      | Killed Menkaure
  5977 | D:7      | Paralysed by a hornet for 3 turns
  5981 | D:6      | HP: 2/66 [poisoned by a hornet]
  5994 | D:6      | Slain by a hornet

Skill      XL: |  1  2  3  4  5  6  7  8 |
---------------+-------------------------+-----
Maces & Flails | 3 4 5 6 8 9 10 | 10.6
Armour         | 4 5 6 7 |  7.8
Shields        | 4 5 |  5.0
Dodging        | 2 |  2.9
Fighting       | 4 |  4.3
Stealth        | |  0.6

Action                   |  1- 3 |  4- 6 |  7- 9 || total
-------------------------+-------+-------+-------++-------
Melee: Flail             |    66 |   111 |       ||   177
       Headbutt          |    12 |    22 |   122 ||   156
       Whip              |       |       |   411 ||   411
  Use: Scroll            |       |     1 |    11 ||    12
       Potion            |       |       |    10 ||    10
  Eat: Chunk             |       |     4 |    11 ||    15
Armor: Scale mail        |    32 |    31 |    59 ||   122
Dodge: Dodged            |    39 |    67 |    94 ||   200
